 Dungeon Crawl Stone Soup version 0.29-a0-730-g5686a2c4f1 (webtiles) character file.

Game seed: 2059707621930508676

683252 frimble the Slayer (level 27, 0/266 HPs)
             Began as a Minotaur Hunter on June 28, 2022.
             Was the Champion of Okawaru.
             Slain by a seven-headed hydra (5 damage)
             ... on level 15 of a ziggurat on June 29, 2022.
             The game lasted 01:47:45 (65825 turns).

frimble the Slayer (Minotaur Hunter)               Turns: 65825, Time: 01:47:46

Health: 0/266      AC: 16    Str: 28    XL:     27
Magic:  18/23      EV: 23    Int: 12    God:    Okawaru [******]
Gold:   5165       SH: 35    Dex: 14    Spells: 14/46 levels left

rFire   + + .      SeeInvis .   a - +18 lance "Wyrmbane" {slay drac, rPois rF+ rC+ AC+3}
rCold   + + .      Faith    .   c - +10 tower shield of Death's Door {rElec}
rNeg    + . .      Spirit   .   v - +2 robe {rN+}
rPois   +          Reflect  .   f - +1 hat of Supple Strength {rPois rC+ Regen+}
rElec   +          Harm     .   b - +1 cloak of Starlight {*Dazzle EV+4 Stlth--}
rCorr   +          Rampage  .   L - +2 pair of gloves of the Good {rElec}
Will    +++++                   F - +1 pair of boots of Oraehauw {Will+++ rCorr MP-9 Slay+3}
Stlth   +++.......              s - amulet of Biag {Drain Fly Will+ Regen+}
HPRegen 2.14/turn               D - +4 ring of slaying
MPRegen 0.18/turn               C - ring of Elur {Str+6 Slay+5}

@: lethally poisoned (0 -> 0), heroic, corroded, on blink cooldown, flying,
slowed, constricted, studying Long Blades, very slow
A: horns 2, retaliatory headbutt, clumsy 1, deterioration 1, fire resistance 1,
low MP 1
}: 4/15 runes: decaying, serpentine, slimy, silver
a: Renounce Religion, Heroism, Finesse, Duel


You were on level 15 of a ziggurat.
You worshipped Okawaru.
Okawaru was exalted by your worship.
You visited 13 branches of the dungeon, and saw 58 of its levels.
You visited 1 ziggurat, and saw 15 of its levels.
You also visited: Desolation.

You collected 10146 gold pieces.
You spent 4981 gold pieces at shops.

Inventory:

Hand Weapons
 a - the +18 lance "Wyrmbane" (weapon) {slay drac, rPois rF+ rC+ AC+3}
   (You bought it in a shop on level 2 of the Orcish Mines)

   It inflicts extra damage against dragons and draconians.
   AC:        It affects your AC (+3).
   rF:        It protects you from fire.
   rC:        It protects you from cold.
   rPois:     It protects you from poison.
 i - a +9 eudemon blade of holy wrath
Missiles
 r - a throwing net
 B - 25 javelins (quivered)
 I - 47 curare-tipped darts
 M - 43 silver javelins
Armour
 b - the +1 cloak of Starlight (worn) {*Dazzle EV+4 Stlth--}
   (You acquired it on level 2 of the Crypt)

   It may blind those who miss an attack against the wearer in melee combat.
   EV:        It affects your evasion (+4).
   Stlth:     It makes you much less stealthy.
 c - the +10 tower shield of Death's Door (worn) {rElec}
   (Okawaru gifted it to you on level 1 of the Depths)

   rElec:     It insulates you from electricity.
 f - the +1 hat of Supple Strength (worn) {rPois rC+ Regen+}
   (Okawaru gifted it to you on level 2 of the Realm of Zot)

   rC:        It protects you from cold.
   rPois:     It protects you from poison.
   Regen:     It increases your rate of health regeneration.
 l - the +13 gold dragon scales of Lethargy {Rampage rPois rF+ rC+ Int+3 Dex+5}
   (You found it on level 3 of the Elven Halls)

   Int:       It affects your intelligence (+3).
   Dex:       It affects your dexterity (+5).
   rF:        It protects you from fire.
   rC:        It protects you from cold.
   rPois:     It protects you from poison.
   Rampage:   It bestows one free step when moving towards enemies.
 v - a +2 robe of positive energy (worn)
 E - the +1 pair of boots of Plasticity {rF+ Will+ SInv}
   (You found it on level 3 of the Elven Halls)

   rF:        It protects you from fire.
   SInv:      It lets you see invisible.
   Will:      It increases your willpower.
 F - the +1 pair of boots of Oraehauw (worn) {Will+++ rCorr MP-9 Slay+3}
   (You found it on level 2 of the Swamp)

   Slay:      It affects your accuracy & damage with ranged weapons and melee
   (+3).
   MP:        It affects your magic capacity (-9).
   rCorr:     It protects you from acid and corrosion.
   Will:      It greatly increases your willpower.
 L - the +2 pair of gloves of the Good (worn) {rElec}
   (You found it on level 2 of the Swamp)

   rElec:     It insulates you from electricity.
Jewellery
 s - the amulet of Biag (around neck) {Drain Fly Will+ Regen+}
   (You bought it in a shop on level 1 of the Orcish Mines)

   [amulet of regeneration]

   Fly:       It grants you flight.
   Regen:     It increases your rate of health regeneration.
   Drain:     It drains your maximum health when unequipped.
   Will:      It increases your willpower.
 C - the ring of Elur (right hand) {Str+6 Slay+5}
   (You found it on level 7 of the Dungeon)

   [ring of strength]

   Str:       It affects your strength (+6).
   Slay:      It affects your accuracy & damage with ranged weapons and melee
   (+5).
 D - a +4 ring of slaying (left hand)
 S - the ring "Iviolumn" {rElec rF+ Will++ Int+3 SInv}
   (You found it on level 3 of a ziggurat)

   [ring of protection from fire]

   Int:       It affects your intelligence (+3).
   rF:        It protects you from fire.
   rElec:     It insulates you from electricity.
   SInv:      It lets you see invisible.
   Will:      It greatly increases your willpower.
 Y - the ring "Feal" {Fire rPois Slay+2}
   (You found it in the Desolation of Salt)

   [ring of fire]

   It enhances your fire magic.
   Slay:      It affects your accuracy & damage with ranged weapons and melee
   (+2).
   rF:        It protects you from fire.
   rC:        It makes you vulnerable to cold.
   rPois:     It protects you from poison.
 Z - an amulet of magic regeneration
Wands
 j - a wand of acid (28)
 w - a wand of flame (100)
 G - a wand of mindburst (22)
 J - a wand of iceblast (63)
 N - a wand of digging (7)
Scrolls
 d - 10 scrolls of poison
 g - 25 scrolls of teleportation
 n - 12 scrolls of fear
 o - 16 scrolls of fog
 q - 20 scrolls of amnesia
 y - 11 scrolls of blinking
 K - 7 scrolls of magic mapping
 R - 16 scrolls of immolation
 T - 14 scrolls of enchant armour
 V - 5 scrolls of silence
Potions
 h - 13 potions of haste
 k - 14 potions of mutation
 m - 10 potions of lignification
 p - 11 potions of magic
 t - 12 potions of curing
 u - 15 potions of heal wounds
 x - 3 potions of ambrosia
 z - 6 potions of resistance
 A - 4 potions of attraction
 H - 11 potions of brilliance
 P - 5 potions of flight
 Q - 6 potions of might
 U - 3 potions of invisibility
 W - 5 potions of berserk rage
 X - 5 potions of cancellation
Miscellaneous
 e - a condenser vane
 O - a tin of tremorstones (1/2)


   Skills:
 - Level 25.5(27) Fighting
 - Level 13.1(20.4) Short Blades
 - Level 14.3(21.7) Long Blades
 - Level 12.0(17.0) Polearms
 - Level 4.3(9.3) Ranged Weapons
 - Level 16.8(21.8) Throwing
 - Level 18.0(23.0) Armour
 - Level 14.2(19.2) Dodging
 - Level 8.0(13.0) Stealth
 - Level 23.4(27) Shields
 - Level 10.4 Spellcasting
 + Level 11.1 Necromancy
 - Level 11.0 Translocations
 + Level 11.4 Transmutations
 - Level 5.3 Earth Magic
 - Level 16.2 Invocations
 - Level 10.0 Evocations


You had 14 spell levels left.
You knew the following spells:

 Your Spells              Type           Power      Damage    Failure   Level
a - Apportation           Tloc           64%        N/A       1%          1
b - Blink                 Tloc           64%        N/A       1%          2
c - Passage of Golubria   Tloc           32%        N/A       1%          4
d - Passwall              Tmut/Erth      21%        N/A       1%          2
e - Shatter               Erth           9%         3d11*     100%        9
f - Necromutation         Tmut/Necr      16%        N/A       100%        8
g - Statue Form           Tmut/Erth      17%        N/A       50%         6

Your spell library contained the following spells:

 Spells                   Type           Power      Damage    Failure   Level
 Beastly Appendage        Tmut           66%        N/A       1%          1
 Necrotize                Necr           100%       1d9       1%          1
 Sting                    Tmut/Pois      76%        1d6       1%          1
 Sublimation of Blood     Necr           33%        N/A       1%          2
 Wereblood                Tmut           33%        N/A       1%          2
 Gell's Gravitas          Tloc           32%        N/A       1%          3
 Lesser Beckoning         Tloc           32%        N/A       1%          3
 Teleport Other           Tloc           32%        N/A       1%          3
 Portal Projectile        Hex/Tloc       38%        N/A       3%          3
 Spider Form              Tmut/Pois      19%        N/A       3%          3
 Petrify                  Tmut/Erth      26%        N/A       3%          4
 Agony                    Necr           33%        N/A       3%          5
 Blade Hands              Tmut           16%        N/A       3%          5
 Manifold Assault         Tloc           32%        N/A       3%          5
 Ignite Poison            Fire/Tmut/Pois 15%        N/A       8%          3
 Ice Form                 Ice/Tmut       19%        N/A       11%         4
 Borgnjor's Vile Clutch   Necr/Erth      12%        N/A       11%         5
 Foxfire                  Conj/Fire      24%        2x1d5     12%         1
 Freeze                   Ice            24%        1d5       12%         1
 Magic Dart               Conj           24%        1d4       12%         1
 Shock                    Conj/Air       24%        1d4       12%         1
 Anguish                  Hex/Necr       9%         N/A       12%         4
 Ensorcelled Hibernation  Hex/Ice        12%        N/A       17%         2
 Poisonous Vapours        Pois/Air       12%        N/A       17%         2
 Static Discharge         Conj/Air       6%         N/A       17%         2
 Dispersal                Tloc           16%        N/A       19%         6
 Corpse Rot               Necr/Pois/Air  15%        N/A       26%         4
 Alistair's Intoxication  Tmut/Pois      12%        N/A       30%         5
 Irradiate                Conj/Tmut      9%         3d16      30%         5
 Yara's Violent Unravell  Hex/Tmut       9%         3d6       30%         5
 Confusing Touch          Hex            6%         N/A       34%         3
 Conjure Flame            Conj/Fire      6%         6-21      34%         3
 Dazzling Flash           Conj/Hex       12%        N/A       34%         3
 Frozen Ramparts          Ice            12%        1d3       34%         3
 Inner Flame              Hex/Fire       6%         N/A       34%         3
 Mephitic Cloud           Conj/Pois/Air  6%         N/A       34%         3
 Swiftness                Air            6%         N/A       34%         3
 Leda's Liquefaction      Hex/Erth       6%         N/A       36%         4
 Dragon Form              Tmut           16%        N/A       65%         7
 Airstrike                Air            3%         N/A       75%         4
 Cause Fear               Hex            3%         N/A       75%         4
 Flame Wave               Conj/Fire      6%         2d5       75%         4
 Fulminant Prism          Conj/Hex       3%         3d6       75%         4
 Hailstorm                Conj/Ice       6%         3d4       75%         4
 Sticky Flame             Conj/Fire      6%         2d3       75%         4
 Eringya's Noxious Bog    Tmut/Pois      9%         N/A       86%         6
 Fireball                 Conj/Fire      3%         3d4       97%         5
 Freezing Cloud           Conj/Ice/Air   3%         6-21      97%         5
 Lightning Bolt           Conj/Air       3%         1d14      97%         5
 Metabolic Englaciation   Hex/Ice        3%         N/A       97%         5
 Silence                  Hex/Air        3%         N/A       97%         5
 Iron Shot                Conj/Erth      6%         9d2       99%         6
 Starburst                Conj/Fire      3%         6d3       100%        6
 Enfeeble                 Hex            3%         N/A       100%        7
 Orb of Destruction       Conj           3%         9d5       100%        7
 Ozocubu's Refrigeration  Ice            3%         4d5       100%        7
 Storm Form               Tmut/Air       9%         N/A       100%        7
 Borgnjor's Revivificati  Necr           16%        N/A       100%        8
 Disjunction              Tloc           16%        N/A       100%        8
 Ignition                 Fire           3%         3d4       100%        8
 Maxwell's Capacitive Co  Air            3%         ∞         100%        8
 Death's Door             Necr           16%        N/A       100%        9
 Polar Vortex             Ice            3%         N/A       100%        9
 Animate Dead             Necr           Unusable   N/A       N/A         4
 Summon Small Mammal      Summ           Unusable   N/A       N/A         1
 Call Imp                 Summ           Unusable   N/A       N/A         2
 Death Channel            Necr           Unusable   N/A       N/A         6
 Summon Forest            Summ/Tloc      Unusable   N/A       N/A         5
 Call Canine Familiar     Summ           Unusable   N/A       N/A         3
 Summon Guardian Golem    Hex/Summ       Unusable   N/A       N/A         3
 Tukima's Dance           Hex            Unusable   N/A       N/A         3
 Animate Armour           Summ/Erth      Unusable   N/A       N/A         4
 Summon Ice Beast         Ice/Summ       Unusable   N/A       N/A         4
 Summon Lightning Spire   Summ/Air       Unusable   N/A       N/A         4
 Simulacrum               Ice/Necr       Unusable   N/A       N/A         6
 Spellforged Servitor     Conj/Summ      Unusable   N/A       N/A         7
 Summon Hydra             Summ           Unusable   N/A       N/A         7
 Dragon's Call            Summ           Unusable   N/A       N/A         9

Dungeon Overview and Level Annotations

Branches:
Dungeon (15/15)            Temple (1/1) D:7            Lair (6/6) D:9
  Swamp (4/4) Lair:2        Snake (4/4) Lair:2        Slime (5/5) Lair:5
    Orc (2/2) D:12            Elf (3/3) Orc:2        Vaults (5/5) D:14
  Crypt (3/3) Vaults:2       Tomb (0/3) Crypt:3      Depths (4/4) D:15
   Hell (visited)             Dis (0/7) Hell            Geh (0/7) Hell
    Coc (0/7) Hell            Tar (0/7) Hell            Zot (5/5) Depths:4
Desolation (visited)

Altars:
Ashenzari
Cheibriados
Dithmenos
Elyvilon
Fedhas
Gozag
Hepliaklqana
Kikubaaqudgha
Makhleb
Nemelex Xobeh
Okawaru
Qazlal
Ru
Sif Muna
Trog
Uskayaw
Vehumet
Wu Jian
Xom
Yredelemnul
Zin
The Shining One
Beogh
Jiyva

Shops:
D:2 (   D:7 *   D:10 !   Orc:1 [=   Orc:2 ((!(   Elf:1 (=*?   Elf:2 *
Snake:1 (   Snake:4 (   Vaults:2 ?(   Vaults:3 :

Portals:
Hell: Depths:1 Depths:2 Depths:3 Depths:4
Abyss: Depths:3 Depths:4
Pandemonium: Depths:1 Depths:2
Trove: Elf:1 (give 2 scrolls of acquirement)

Annotations:
Elf:2 3 runed translucent doors
Zot:5 1 exclusion


Innate Abilities, Weirdness & Mutations

You have a pair of horns on your head.
You reflexively headbutt those who attack you in melee.
You are clumsy. (Dex -2)
Your body sometimes deteriorates upon taking damage.
Your flesh is heat resistant. (rF+)
Your magical capacity is low. (-10% MP)


Message History

You feel sick.
The five-headed hydra no longer looks unusually strong.
You block the hornet's attack. x2; You block the goliath frog's attack.
The five-headed hydra bites you.
* * * LOW HITPOINT WARNING * * *
The five-headed hydra bites you.
* * * LOW HITPOINT WARNING * * *
The five-headed hydra bites you!
* * * LOW HITPOINT WARNING * * *
You block the five-headed hydra's attack.
The five-headed hydra completely misses you.
You block the seven-headed hydra's attack. x2
The seven-headed hydra barely misses you.
You block the seven-headed hydra's attack.
The seven-headed hydra bites you!
* * * LOW HITPOINT WARNING * * *
The seven-headed hydra closely misses you.
The seven-headed hydra barely misses you.
The death drake bites you but does no damage.
The tentacled monstrosity closely misses you.
The tentacled monstrosity tentacle-slaps you.
* * * LOW HITPOINT WARNING * * *
The tentacled monstrosity closely misses you.
The tentacled monstrosity constricts you!
* * * LOW HITPOINT WARNING * * *
The hornet completely misses you. You furiously retaliate!
You headbutt the hornet.
The hornet is blinded by the light from your cloak!
You block the hornet's attack. The goliath frog hits you from afar!
* * * LOW HITPOINT WARNING * * *
You are splashed with acid.
You resist.
* * * LOW HITPOINT WARNING * * *
The seven-headed hydra bites you.
* * * LOW HITPOINT WARNING * * *
The seven-headed hydra bites you.
* * * LOW HITPOINT WARNING * * *
The seven-headed hydra closely misses you. x3
The seven-headed hydra completely misses you.
The seven-headed hydra bites you.
You die...

▓▓▓▓▓▓▓▓▓▓▓▓
▓▓...........
▓▓...........
▓▓...##.....## )
▓▓....#....(..#.(
▓▓...y†......X.D.(
▓▓...yDX...)..k)Xiv
▓.∩...@yF..v/(†D.f(
▓▓....Dk..)(....°.(
▓▓........(......?
▓▓....#.......#.!
▓▓...##.....## .
▓▓...........
▓▓...........
▓▓▓▓▓▓▓▓▓▓▓▓


You could see a tentacled monstrosity, a death drake, a seven-headed hydra
(strong), a five-headed hydra, a goliath frog, a will-o-the-wisp and 3 hornets.

Vanquished Creatures
  the Royal Jelly (Slime:5)
  A pandemonium lord (Zig:4)
  2 dread liches
  6 ancient liches
  2 orbs of fire
  Mennas (Vaults:3)
  Mara (Arena)
  A juggernaut (Zig:3)
  Vv (Zot:4)
  A shard shrike (Zig:14)
  Saint Roka (Vaults:2)
  A curse toe (Zot:4)
  5 Killer Klowns
  7 golden dragons
  Geryon (Hell)
  Nikola (Swamp:2)
  Jory (Crypt:1)
  A pearl dragon (Zig:7)
  2 electric golems
  17 tentacled monstrosities
  An Ice Fiend (Zig:14)
  The ghost of Kekav the Imperceptible, an adept FeVM of Ru (Depths:1)
  3 deep elf blademasters
  Mlioglotl (Snake:4)
  Asterion (Arena)
  7 liches
  2 Orb Guardians (Zot:5)
  6 titans (Vaults:5)
  5 quicksilver dragons
  2 deep elf master archers (Elf:3)
  12 acid blobs
  5 ancient champions
  2 tentacled starspawn (Zig:12)
  The ghost of SirDiesAlot the Deadly Accurate, an adept OgGl of Okawaru (Orc:2)
  8 sphinxes
  9 death cobs
  An Executioner (Zig:1)
  2 thorn hunters
  15 tengu reavers
  Donald (Swamp:1)
  Kirke (Snake:3)
  Roxanne (Swamp:1)
  9 shadow dragons
  13 storm dragons
  9 draconian monks
  6 narguns (Zig:14)
  10 draconian knights
  3 revenants
  3 fenstrider witches
  9 nagarajas
  10 azure jellies
  5 rockslimes (Slime:5)
  8 fire giants
  A balrug (Hell)
  2 daevas (Zig:7)
  4 iron dragons
  2 juggernaut zombies
  13 vault wardens
  An imperial myrmidon (Desolation)
  17 frost giants
  10 deep elf sorcerers
  3 orc warlords
  3 curse skulls
  The ghost of Nialiw the Quickloader, a journeyman GnHu of Okawaru (D:13)
  Aizul (Swamp:2)
  A ghost moth (Zot:2)
  11 draconian shifters
  8 draconian stormcallers
  10 draconian scorchers
  A ghoul (Vaults:2)
  6 deep elf elementalists
  A ghost moth (shapeshifter) (Elf:3)
  2 angels
  14 ironbound preservers
  A quicksilver ooze (shapeshifter) (Depths:3)
  8 draconian annihilators
  6 reapers
  2 demonspawn corrupters
  7 war gargoyles
  30 very ugly things
  9 quicksilver oozes
  2 apis (Zig:7)
  21 stone giants
  An ophan (Zig:7)
  10 vampire knights
  An entropy weaver (Vaults:1)
  13 green draconians
  12 deep elf annihilators
  11 ironbound thunderhulks
  3 halazid warlocks (Desolation)
  15 black draconians
  5 wendigos
  23 dire elephants
  14 red draconians
  Azrael (Orc:2)
  8 eleionomae
  9 deep elf demonologists
  A lorocyproca (Zig:12)
  3 spark wasps
  7 bunyips
  5 white draconians
  11 purple draconians
  A spark wasp (shapeshifter) (Depths:3)
  15 yellow draconians
  A blizzard demon (Zig:14)
  8 deep elf death magi
  6 crystal guardians
  A green death (Hell)
  A mummy priest (Crypt:3)
  23 ettins
  5 eidola
  2 quicksilver dragon zombies (Hell)
  A rakshasa (Depths:1)
  7 great orbs of eyes
  8 fire dragons
  39 vault guards
  3 ragged hierophants (Desolation)
  4 shambling mangroves
  A hell beast (Hell)
  6 deep elf high priests
  12 jiangshi
  3 ice dragons (Depths:2)
  4 spriggan zombies (Hell)
  8 servants of whispers (Desolation)
  13 yaktaur captains
  12 peacekeepers
  4 ogre magi
  10 ironbound frosthearts
  8 spriggan air magi
  A spriggan skeleton (Crypt:3)
  A juggernaut simulacrum (Depths:3)
  6 salamander tyrants
  12 boulder beetles
  13 centaur warriors
  33 hydras
  8 ghost crabs
  14 anacondas
  7 death knights
  9 naga warriors
  A two-headed ogre (shapeshifter) (Depths:3)
  12 two-headed ogres
  4 tengu warriors
  13 alligators
  A bennu skeleton (Crypt:3)
  6 deep troll shamans
  20 dancing weapons
  6 death yaks (Lair:5)
  21 deep troll earth magi
  10 vampire magi
  7 shock serpents
  2 orc high priests
  A thrashing horror (Zig:12)
  16 naga sharpshooters
  3 spriggan berserkers
  A titan zombie (Hell)
  2 hell knights
  Urug (Lair:2)
  3 wretched stars (Zig:12)
  11 iron trolls
  11 deep elf knights
  A titan skeleton (Crypt:2)
  10 sun demons (Hell)
  26 skeletal warriors
  A spectral death yak (Lair:6)
  4 soul eaters
  Amaemon (D:10)
  A shadow wraith (Vaults:5)
  7 goliath frogs
  2 sixfirhies (Depths:1)
  A sea snake (shapeshifter) (Depths:3)
  12 salamander mystics
  A deep troll (shapeshifter) (Zig:6)
  A quicksilver dragon simulacrum (Hell)
  2 glowing orange brains
  A spectral anaconda (Lair:6)
  11 spriggan druids
  A cherub (Zig:7)
  A fire crab (shapeshifter) (Vaults:5)
  5 flayed ghosts
  16 swamp dragons
  7 obsidian statues
  6 wizards
  A spriggan simulacrum (Hell)
  3 orange crystal statues
  11 deep elf archers
  54 deep trolls
  A death drake (Zig:15)
  9 naga ritualists
  10 lindwurms
  Pikel (D:7)
  A bunyip skeleton (Crypt:3)
  14 phantasmal warriors
  A fenstrider witch simulacrum (Hell)
  12 bog bodies
  A shadow dragon zombie (Hell)
  12 necromancers
  11 mana vipers
  22 orc knights
  2 tengu zombies
  28 deep elf pyromancers
  28 deep elf zephyrmancers
  2 sphinx zombies
  6 orc sorcerers (Orc:2)
  4 stone giant zombies
  18 ironbound convokers
  A mana viper (shapeshifter) (Zig:10)
  4 manticores
  An iron dragon zombie (Hell)
  2 tengu skeletons
  5 cyclopes
  7 will-o-the-wisps
  58 ugly things
  3 shining eyes (Slime:5)
  3 frost giant zombies
  A human zombie (Vaults:2)
  33 black mambas
  2 wolf spiders
  32 salamanders
  A fire giant skeleton (Crypt:1)
  14 elephants
  An elephant (shapeshifter) (Depths:4)
  3 guardian serpents
  A moth of wrath (shapeshifter) (Depths:4)
  28 vault sentinels
  A frost giant skeleton (Vaults:2)
  3 ice statues
  An eye of devastation (Lair:5)
  2 molten gargoyles (Hell)
  2 fire giant zombies (Vaults:3)
  4 apocalypse crabs (Swamp:1)
  32 moths of wrath
  24 naga magi
  2 torpor snails
  3 gargoyles
  13 smoke demons
  A yaktaur zombie (Vaults:2)
  A death yak zombie (Crypt:1)
  A dire elephant skeleton (Lair:6)
  A spectral redback (D:13)
  An eye of devastation (shapeshifter) (Depths:3)
  3 hellions
  4 rime drakes
  A catoblepas zombie (Crypt:1)
  12 cane toads
  26 yaktaurs
  2 kobold demonologists (D:12)
  A demonic crawler (Hell)
  2 orange demons
  4 freezing wraiths
  An efreet (D:12)
  An iron troll zombie (Crypt:1)
  A rime drake (shapeshifter) (D:15)
  5 komodo dragons
  2 ice devils
  A yaktaur (shapeshifter) (Depths:3)
  A red draconian skeleton (Crypt:3)
  2 tengu conjurers
  A green draconian skeleton (Crypt:3)
  2 tormentors (Zig:14)
  An ancient zyme (Zig:12)
  A bloated husk (Zig:15)
  6 guardian mummies (Crypt:3)
  A harpy zombie (Crypt:1)
  2 red devils
  2 shadow dragon simulacra
  A troll (shapeshifter) (Elf:3)
  52 saltlings
  A yellow draconian skeleton (Crypt:3)
  17 hornets
  8 trolls
  15 tyrant leeches
  2 ettin zombies (Hell)
  A polar bear (Lair:6)
  A raiju (Zig:12)
  A blink frog (shapeshifter) (Vaults:5)
  29 blink frogs
  A harpy skeleton (Hell)
  86 slime creatures
  A slime creature (shapeshifter) (Vaults:5)
  A dream sheep (shapeshifter) (Depths:3)
  4 large abominations (Zig:12)
  An elf zombie (Vaults:2)
  2 flying skulls (Crypt:3)
  A frost giant simulacrum (Depths:1)
  An alligator zombie (Crypt:2)
  2 spectral elephants (Lair:6)
  A shadow (D:12)
  An ettin skeleton (Vaults:3)
  14 spriggans
  4 water elementals
  A ynoxinul (Zig:12)
  3 dire elephant simulacra
  6 air elementals
  A vampire (D:12)
  16 wraiths
  4 hogs (Snake:3)
  Grum (D:10)
  3 wyverns
  A wind drake zombie (Crypt:2)
  3 fire elementals
  A yak (shapeshifter) (Depths:3)
  51 yaks
  A death yak simulacrum (Lair:6)
  A chaos spawn (Zig:1)
  17 vampire mosquitoes
  5 basilisks
  4 neqoxecs
  3 steam dragons
  A yaktaur simulacrum (Vaults:4)
  A glowing shapeshifter zombie (Vaults:3)
  3 wargs
  40 nagas
  A harpy simulacrum (Hell)
  16 swamp worms
  A two-headed ogre zombie (Crypt:1)
  3 acid dragons
  19 water moccasins
  An ogre skeleton (Vaults:3)
  An acid dragon (shapeshifter) (D:14)
  2 floating eyes (shapeshifter)
  2 hell hounds (Orc:2)
  2 human simulacra
  2 sky beasts (D:7)
  A floating eye (Slime:5)
  10 swamp drakes
  43 orc warriors
  A cane toad skeleton (Crypt:1)
  An ettin simulacrum (Hell)
  2 ice beasts
  A glowing shapeshifter skeleton (Depths:1)
  3 black bears
  A hornet zombie (D:8)
  3 elephant zombies (Lair:6)
  A black bear (shapeshifter) (Elf:1)
  An elephant skeleton (Lair:6)
  16 wolves
  14 ogres
  10 centaurs
  2 phantoms (D:6)
  5 kobold brigands
  10 bullfrogs
  A draconian zombie (Crypt:1)
  2 necrophages
  5 gnoll sergeants
  A komodo dragon skeleton (Crypt:2)
  7 scorpions
  A demonspawn simulacrum (Hell)
  3 human skeletons (Vaults:3)
  2 cane toad simulacra (Lair:6)
  5 wights (D:10)
  6 killer bees
  2 elephant simulacra (Lair:6)
  11 howler monkeys
  5 centaur zombies (D:8)
  2 hounds
  A jelly (D:6)
  18 orc priests
  Crazy Yiuf (D:2)
  An iguana (D:4)
  15 orc wizards
  10 hell rats (Hell)
  2 killer bee zombies (D:8)
  A howler monkey zombie (D:8)
  6 adders
  15 gnolls
  A shadow imp (D:6)
  An ufetubus (D:5)
  3 worms
  5 dart slugs
  103 orcs
  A bat skeleton (Crypt:2)
  8 endoplasms
  2 giant cockroaches
  13 hobgoblins
  9 jackals
  20 kobolds
  3 quokkas
  4 ball pythons
  8 bats
  5 frilled lizards
  5 goblins
  4 rats
  3 starspawn tentacles (Zig:12)
2697 creatures vanquished.

Vanquished Creatures (others)
  A tentacled monstrosity (Zig:15)
  An eldritch tentacle (Zot:5)
  A ghost moth (Zot:2)
  A ragged hierophant (Desolation)
  2 hydras
  A naga warrior (Snake:4)
  2 alligators
  2 wizards
  A spriggan druid (Zig:15)
  A shadow demon (Zig:4)
  A black mamba (Snake:4)
  2 bloated husks (Zig:15)
  2 hornets (Zig:15)
  A shadow dragon simulacrum (Zig:14)
  An orc priest (Orc:2)
  34 foxfires
  21 fungi
  A pillar of salt (Orc:2)
  55 plants
  A starspawn tentacle (Zig:12)
  14 withered plants (Lair:6)
146 creatures vanquished.

Grand Total: 2843 creatures vanquished

Notes
Turn   | Place    | Note
-------+----------+-------------------------------------------
     0 | D:1      | frimble the Minotaur Hunter began the quest for the Orb.
     0 | D:1      | Reached XP level 1. HP: 18/18 MP: 0/0
   136 | D:1      | Found a faded altar of an unknown god.
   293 | D:1      | Reached skill level 1 in Short Blades
   299 | D:1      | Reached XP level 2. HP: 7/25 MP: 1/1
   974 | D:1      | Reached XP level 3. HP: 30/30 MP: 2/2
  1343 | D:2      | Found a shimmering blue altar of Sif Muna.
  1711 | D:2      | Found Jamufez's Weapon Shoppe.
  1967 | D:2      | Found a runed translucent door.
  1968 | D:2      | Noticed Crazy Yiuf
  2540 | D:2      | Reached XP level 4. HP: 37/37 MP: 3/3
  2912 | D:2      | Reached skill level 1 in Armour
  3295 | D:2      | Identified the +1 pair of boots of a bailey {Rampage rPois
                  | Dex-5 Stlth+}
  3460 | D:3      | Found a broken altar of Ashenzari.
  3608 | D:3      | Noticed an ice beast
  4090 | D:4      | HP: 1/55 [iguana (2)]
  4093 | D:4      | Reached XP level 5. HP: 2/44 MP: 4/4
  4133 | D:4      | Noticed an ogre
  4134 | D:4      | HP: 2/44 [hound (5)]
  4135 | D:4      | You fall into a shaft and drop 2 floors!
  4439 | D:6      | Reached skill level 5 in Short Blades
  4660 | D:5      | Entered Level 5 of the Dungeon
  4667 | D:5      | Reached XP level 6. HP: 47/50 MP: 5/5
  4834 | D:5      | Reached skill level 3 in Fighting
  5119 | D:4      | Reached XP level 7. HP: 55/58 MP: 6/6
  5140 | D:4      | Reached skill level 4 in Fighting
  5161 | D:3      | Reached skill level 1 in Shields
  5361 | D:3      | Found a bloodstained altar of Trog.
  5741 | D:4      | Reached skill level 5 in Fighting
  5825 | D:4      | Found an ancient bone altar of Kikubaaqudgha.
  6181 | D:4      | Reached XP level 8. HP: 66/69 MP: 7/7
  6401 | D:5      | You fall into a shaft and drop 2 floors!
  6634 | D:6      | Found a shimmering altar of Xom.
  6661 | D:6      | Reached skill level 6 in Fighting
  6978 | D:6      | Reached skill level 5 in Shields
  7441 | D:5      | Reached skill level 7 in Fighting
  7929 | D:7      | Found Quihoan's Assorted Antiques.
  8049 | D:7      | Noticed Pikel
  8069 | D:7      | Killed Pikel
  8070 | D:7      | Reached XP level 9. HP: 45/81 MP: 8/8
  8312 | D:7      | Found a stormy altar of Qazlal.
  8312 | D:7      | Found a shadowy altar of Dithmenos.
  8313 | D:7      | Found a radiant altar of Vehumet.
  8391 | D:7      | Reached skill level 8 in Fighting
  8511 | D:7      | Found a staircase to the Ecumenical Temple.
  8911 | D:7      | Found a shimmering blue altar of Sif Muna.
  8930 | D:7      | Identified the ring of Elur {Str+6 Slay+5}
  9147 | Temple   | Entered the Ecumenical Temple
  9323 | D:8      | Found an iron altar of Okawaru.
  9402 | D:8      | Identified the +0 leather armour of the Onion {Regen+}
  9649 | D:8      | Found a basalt altar of Yredelemnul.
  9689 | D:8      | Reached skill level 9 in Fighting
  9859 | D:8      | Became a worshipper of Warmaster Okawaru
  9917 | D:9      | Reached skill level 10 in Short Blades
  9980 | D:9      | Reached XP level 10. HP: 82/91 MP: 9/9
  9991 | D:9      | Found a staircase to the Lair.
 10105 | D:9      | Reached skill level 1 in Stealth
 10194 | D:9      | Reached * piety under Okawaru
 10515 | D:9      | Reached skill level 1 in Invocations
 10515 | D:9      | Reached skill level 1 in Evocations
 10639 | D:10     | Entered Level 10 of the Dungeon
 10639 | D:10     | Noticed Sonja
 10640 | D:10     | Noticed Sonja
 10640 | D:10     | Sonja changed into Sonja the basilisk
 10646 | D:10     | Killed Sonja the basilisk
 10677 | D:10     | Noticed Grum
 10683 | D:10     | Killed Grum
 10735 | D:10     | Reached ** piety under Okawaru
 10736 | D:10     | Reached skill level 1 in Throwing
 10876 | D:10     | Reached skill level 10 in Fighting
 11044 | D:10     | Identified the +0 chain mail "Litaovas" {Slay+2}
 11161 | D:10     | Found Seregece's Distillery.
 11168 | D:10     | Bought a potion of heal wounds for 65 gold pieces
 11168 | D:10     | Bought a potion of resistance for 130 gold pieces
 11168 | D:10     | Bought a potion of heal wounds for 65 gold pieces
 11168 | D:10     | Bought a potion of heal wounds for 65 gold pieces
 11173 | D:10     | Noticed an orange demon
 11176 | D:10     | Noticed Amaemon
 11182 | D:10     | Killed Amaemon
 11182 | D:10     | Reached *** piety under Okawaru
 11182 | D:10     | Received a gift from Okawaru
 11187 | D:10     | Killed an orange demon
 11561 | D:11     | Noticed a gargoyle
 11573 | D:11     | Killed a gargoyle
 11676 | D:11     | Noticed a manticore
 11683 | D:11     | Killed a manticore
 11684 | D:11     | Reached XP level 11. HP: 79/101 MP: 12/12
 11718 | D:11     | Reached **** piety under Okawaru
 11718 | D:11     | Received a gift from Okawaru
 11905 | D:11     | Found a broken altar of Ashenzari.
 12114 | D:11     | Noticed a boulder beetle
 12128 | D:11     | Killed a boulder beetle
 12129 | D:11     | Reached skill level 5 in Armour
 12433 | Lair:1   | Entered Level 1 of the Lair of Beasts
 12446 | Lair:1   | Reached skill level 5 in Dodging
 13224 | Lair:1   | Reached ***** piety under Okawaru
 13357 | Lair:1   | You fall into a shaft and drop 1 floor!
 13383 | Lair:2   | Reached skill level 11 in Fighting
 13754 | Lair:2   | Received a gift from Okawaru
 13865 | Lair:2   | Found a staircase to the Swamp.
 13879 | Lair:2   | Reached XP level 12. HP: 110/110 MP: 14/14
 14061 | Lair:2   | Found a staircase to the Snake Pit.
 14331 | Lair:2   | Reached skill level 5 in Invocations
 14545 | Lair:2   | Noticed Urug
 14559 | Lair:2   | Killed Urug
 14965 | Lair:2   | Received a gift from Okawaru
 15106 | Lair:2   | Identified a scroll of acquirement
 15106 | Lair:2   | Acquired 1025 gold pieces
 15457 | Lair:3   | Reached skill level 5 in Throwing
 15463 | Lair:3   | Identified the +1 scale mail of Keliamay {rElec Will+
                  | Int-2}
 15519 | Lair:3   | Reached skill level 5 in Evocations
 15753 | Lair:3   | Reached skill level 5 in Stealth
 16500 | Lair:4   | Noticed a five-headed hydra
 16508 | Lair:4   | Killed a five-headed hydra
 16605 | Lair:4   | Noticed a six-headed hydra
 16608 | Lair:4   | Noticed a four-headed hydra
 16611 | Lair:4   | Killed a six-headed hydra
 16615 | Lair:4   | Killed a four-headed hydra
 16615 | Lair:4   | Reached ****** piety under Okawaru
 16615 | Lair:4   | Identified the +8 rapier of Tenacity {distort, Dex+5
                  | Stlth+} (Okawaru gifted it to you on level 4 of the Lair of
                  | Beasts)
 16615 | Lair:4   | Received a gift from Okawaru
 16616 | Lair:4   | Reached XP level 13. HP: 86/117 MP: 14/16
 17143 | Lair:4   | Reached skill level 12 in Fighting
 18095 | Lair:5   | Identified the +1 robe of Axuh {Int+5 Stlth+} (Okawaru
                  | gifted it to you on level 5 of the Lair of Beasts)
 18095 | Lair:5   | Received a gift from Okawaru
 18223 | Lair:5   | Noticed Nessos
 18226 | Lair:5   | Noticed Nessos
 18226 | Lair:5   | Nessos changed into Nessos the eye of devastation
 18233 | Lair:5   | Killed Nessos the eye of devastation
 18695 | Lair:5   | Found a staircase to the Slime Pits.
 19412 | Lair:6   | Entered Level 6 of the Lair of Beasts
 19545 | Lair:6   | Reached skill level 10 in Shields
 20612 | Lair:6   | Reached XP level 14. HP: 113/127 MP: 18/18
 20981 | Lair:6   | Received a gift from Okawaru
 21738 | Lair:6   | Reached skill level 13 in Fighting
 22293 | D:2      | Killed Crazy Yiuf
 22515 | D:12     | Received a gift from Okawaru
 22884 | D:12     | Received a gift from Okawaru
 23008 | D:12     | Found a staircase to the Orcish Mines.
 23217 | D:12     | Noticed a stone giant
 23277 | D:12     | Killed a stone giant
 23538 | D:12     | Noticed a frost giant
 23550 | D:12     | Killed a frost giant
 23630 | D:12     | Noticed a sphinx
 23637 | Arena    | Entered the Arena
 23641 | Arena    | Killed a sphinx
 23665 | D:12     | HP: 5/129 [yaktaur captain/bolt (6)]
 24115 | D:13     | Received a gift from Okawaru
 24178 | Orc:1    | Entered Level 1 of the Orcish Mines
 24330 | Orc:1    | Found Edokhu's Jewellery Shop.
 24337 | Orc:1    | Bought the amulet of Biag {Drain Fly Will+ Regen+} for 430
                  | gold pieces
 24428 | Orc:1    | Found Fusa's Antique Armour Emporium.
 24442 | Orc:1    | Bought a distressingly furry chain mail for 228 gold pieces
 24442 | Orc:1    | Identified the +1 chain mail of the Powerful God {Harm
                  | *Corrode Str+4 Dex+5} (You bought it in a shop on level 1
                  | of the Orcish Mines)
 24675 | Orc:2    | Entered Level 2 of the Orcish Mines
 24764 | Orc:2    | Found a staircase to the Elven Halls.
 24771 | Orc:2    | Noticed Azrael
 24775 | Orc:2    | Reached skill level 10 in Armour
 24779 | Orc:2    | Received a gift from Okawaru
 24794 | Elf:1    | Entered Level 1 of the Elven Halls
 24914 | Orc:2    | Reached XP level 15. HP: 136/136 MP: 20/20
 24976 | Orc:2    | Killed Azrael
 25127 | Orc:2    | Found a runed translucent door.
 25128 | Orc:2    | Found a shimmering altar of Xom.
 25128 | Orc:2    | Noticed SirDiesAlot's ghost (adept OgGl)
 25448 | Orc:2    | Found Moutil's Weapon Shoppe.
 25470 | Orc:2    | Received a gift from Okawaru
 25475 | Orc:2    | Found Xumogg's Antique Weapon Shoppe.
 25657 | Orc:2    | Found Resean's Distillery.
 25664 | Orc:2    | Identified the +1 pair of boots of Ecaopp {rElec rPois
                  | Int+7} (Okawaru gifted it to you on level 2 of the Orcish
                  | Mines)
 25664 | Orc:2    | Received a gift from Okawaru
 25753 | Orc:2    | Bought a potion of mutation for 128 gold pieces
 25753 | Orc:2    | Bought a potion of haste for 160 gold pieces
 25847 | Orc:2    | Found Haitrall's Weapon Shop.
 26039 | Orc:2    | Killed SirDiesAlot's ghost
 26325 | D:13     | Noticed Nialiw's ghost (journeyman GnHu)
 26326 | D:13     | Found a transporter.
 26329 | D:13     | Found a transporter.
 27417 | D:14     | Reached skill level 14 in Fighting
 27422 | D:14     | Reached skill level 10 in Dodging
 27667 | D:14     | Found a gate to the Vaults.
 27792 | D:14     | Identified the +5 plate armour of Whack-A-Mole {rF- Regen+
                  | Str+5} (Okawaru gifted it to you on level 14 of the
                  | Dungeon)
 27792 | D:14     | Received a gift from Okawaru
 28139 | D:15     | Entered Level 15 of the Dungeon
 28184 | D:15     | Found a runed translucent door.
 28187 | D:15     | Learned a level 1 spell: Apportation
 28187 | D:15     | Noticed a sphinx
 28187 | D:15     | Noticed a tengu reaver
 28187 | D:15     | Noticed a frost giant
 28401 | D:15     | Found a stormy altar of Qazlal.
 28547 | D:15     | Reached XP level 16. HP: 122/147 MP: 21/21
 28622 | D:15     | Found a staircase to the Depths.
 29152 | Elf:1    | Found an ancient bone altar of Kikubaaqudgha.
 29153 | Arena    | Entered the Arena
 29249 | Elf:1    | Noticed Asterion
 29259 | Elf:1    | Noticed an Ice Fiend
 29265 | Arena    | Entered the Arena
 29270 | Arena    | Killed Asterion
 29482 | Elf:1    | Identified the +6 chain mail "Toshynol" {rCorr Str+4 Int+6}
                  | (Okawaru gifted it to you on level 1 of the Elven Halls)
 29482 | Elf:1    | Received a gift from Okawaru
 29702 | Elf:1    | Found Fenoxt's Magic Scroll Shoppe.
 29702 | Elf:1    | Found Wuruh's Weapon Emporium.
 29703 | Elf:1    | Found Fiefown's Assorted Antiques.
 29705 | Elf:1    | Found Deycuing's Jewellery Emporium.
 29713 | Elf:1    | Bought a scroll of teleportation for 57 gold pieces
 29713 | Elf:1    | Bought a scroll of immolation for 66 gold pieces
 29723 | Elf:1    | Bought a +4 ring of slaying for 936 gold pieces
 29733 | Elf:1    | Bought a murky green potion for 21 gold pieces
 29891 | Elf:1    | Reached skill level 15 in Fighting
 30065 | Elf:1    | Found a portal to a secret trove of treasure.
 30121 | Elf:2    | Reached skill level 10 in Invocations
 30124 | Elf:2    | Reached skill level 10 in Throwing
 30201 | Elf:2    | Found Nuskeniso's Elven Fire.
 30583 | Elf:2    | Found a runed translucent gate.
 30583 | Elf:2    | Found a runed translucent gate.
 30583 | Elf:2    | Found a runed translucent gate.
 30930 | Elf:3    | Entered Level 3 of the Elven Halls
 31185 | Elf:3    | Paralysed by an air elemental for 1 turns
 31509 | Elf:3    | Received a gift from Okawaru
 31524 | Elf:3    | Noticed a deep elf master archer
 31538 | Elf:3    | Killed a deep elf master archer
 31542 | Elf:3    | Reached XP level 17. HP: 55/156 MP: 16/23
 31783 | Elf:3    | Reached skill level 10 in Evocations
 31783 | Elf:3    | Noticed a deep elf master archer
 31796 | Elf:3    | Killed a deep elf master archer
 31837 | Elf:3    | Identified the +3 hand axe "Qiyvehe" {chaos, rCorr}
 31963 | Elf:3    | Paralysed by an air elemental for 1 turns
 31970 | Elf:3    | Noticed a Tzitzimitl
 32045 | Elf:3    | Identified the +0 flail of the Ancients {vorpal, *Rage
                  | Will+++ Dex+5 Stlth-}
 32134 | Elf:3    | Noticed a deep elf blademaster
 32149 | Elf:3    | Killed a deep elf blademaster
 32149 | Elf:3    | Received a gift from Okawaru
 32150 | Elf:3    | Reached skill level 16 in Fighting
 32364 | Elf:3    | Identified the ring "Webeil" {rElec Will+ Int+6 Slay-2}
 32397 | Elf:3    | Received a gift from Okawaru
 32424 | Elf:3    | Identified the +0 robe of Weirdness {Str+5}
 32553 | Elf:3    | Received a gift from Okawaru
 32620 | Elf:3    | Got Sif Muna's Grimoire of Congealing Dislocation
 32623 | Elf:3    | Identified the +13 gold dragon scales of Lethargy {Rampage
                  | rPois rF+ rC+ Int+3 Dex+5}
 32651 | Elf:3    | Identified the +1 pair of boots of Plasticity {rF+ Will+
                  | SInv}
 33403 | Swamp:1  | Entered Level 1 of the Swamp
 33431 | Swamp:1  | Identified the ring "Migi" {Ice rPois Str+6 Dex-5}
 33454 | Swamp:1  | Received a gift from Okawaru
 33612 | Swamp:1  | Identified the +4 ring mail of Impermeability {+Blink rElec
                  | rC+}
 33613 | Swamp:1  | Identified Roxanne's Almanac of Transmutation
 33613 | Swamp:1  | Noticed Roxanne
 33634 | Swamp:1  | Killed Roxanne
 33737 | Swamp:1  | Found a runed translucent door.
 33750 | Swamp:1  | Reached skill level 15 in Shields
 33867 | Swamp:1  | Paralysed by you for 5 turns
 33902 | Swamp:1  | Identified the +8 short sword of Raqieq {drain, Str+2}
 34044 | Swamp:1  | Noticed Donald
 34060 | Swamp:1  | Killed Donald
 34060 | Swamp:1  | Received a gift from Okawaru
 34321 | Swamp:2  | Identified the +1 pair of boots of Oraehauw {Will+++ rCorr
                  | MP-9 Slay+3}
 34359 | Swamp:2  | Noticed Nikola
 34373 | Swamp:2  | Killed Nikola
 34465 | Swamp:2  | Reached skill level 17 in Fighting
 34465 | Swamp:2  | Reached XP level 18. HP: 169/169 MP: 15/24
 34491 | Swamp:2  | Received a gift from Okawaru
 34650 | Swamp:2  | Noticed Aizul
 34664 | Swamp:2  | Killed Aizul
 34665 | Swamp:2  | Reached skill level 1 in Translocations
 34704 | Swamp:2  | Identified the +2 pair of gloves of the Good {rElec}
 35342 | Swamp:3  | Received a gift from Okawaru
 35670 | Swamp:4  | Entered Level 4 of the Swamp
 35940 | Swamp:4  | Received a gift from Okawaru
 35979 | Swamp:4  | Received a gift from Okawaru
 35998 | Swamp:4  | Got a decaying rune of Zot
 36210 | Swamp:4  | Received a gift from Okawaru
 36383 | Swamp:4  | Reached skill level 5 in Translocations
 36794 | Orc:2    | Bought the +8 lance "Wyrmbane" {slay drac, rPois rF+ rC+
                  | AC+3} for 2504 gold pieces
 36794 | Orc:2    | Found the +8 lance "Wyrmbane" {slay drac, rPois rF+ rC+
                  | AC+3}
 36988 | Snake:1  | Entered Level 1 of the Snake Pit
 37035 | Snake:1  | Reached skill level 1 in Polearms
 37178 | Snake:1  | Found Domiro's Firing Range.
 37398 | Snake:1  | Reached skill level 18 in Fighting
 37845 | Snake:2  | Reached XP level 19. HP: 139/179 MP: 16/25
 38292 | Snake:2  | Received a gift from Okawaru
 38327 | Snake:2  | Received a gift from Okawaru
 38621 | Snake:2  | Identified the +4 ring mail of Restlessness {Contam Drain
                  | rCorr Str+10}
 39043 | Snake:3  | Received a gift from Okawaru
 39101 | Snake:3  | Noticed Kirke
 39117 | Snake:3  | Received a gift from Okawaru
 39135 | Snake:3  | Killed Kirke
 39397 | Snake:4  | Entered Level 4 of the Snake Pit
 39412 | Snake:4  | Reached skill level 5 in Polearms
 39581 | Snake:4  | Noticed Mlioglotl
 39598 | Snake:4  | Received a gift from Okawaru
 39609 | Snake:4  | Killed Mlioglotl
 39697 | Snake:4  | Found Wiovvohoe's Weapon Shoppe.
 39789 | Arena    | Entered the Arena
 40460 | Snake:4  | Got a serpentine rune of Zot
 40603 | Snake:4  | Reached XP level 20. HP: 182/189 MP: 17/26
 40873 | Depths:1 | Entered Level 1 of the Depths
 41010 | Depths:1 | Identified the +10 tower shield of Death's Door {rElec}
                  | (Okawaru gifted it to you on level 1 of the Depths)
 41010 | Depths:1 | Received a gift from Okawaru
 41020 | Depths:1 | Reached skill level 19 in Fighting
 41243 | Depths:1 | Found a runed translucent gate.
 41244 | Depths:1 | Found a runed translucent gate.
 41244 | Depths:1 | Noticed Kekav's ghost (adept FeVM)
 41245 | Depths:1 | Found a runed translucent gate.
 41245 | Depths:1 | Identified the ring "Teguymo" {rPois Dex+4}
 41247 | Depths:1 | Noticed Mara
 41266 | Arena    | Entered the Arena
 41268 | Arena    | Noticed frimble's illusion
 41291 | Arena    | Killed Mara
 41416 | Depths:1 | Identified the +5 scale mail of Trial and Error {Contam rC+
                  | rN+ rCorr}
 41429 | Depths:1 | Found a one-way gateway to a ziggurat.
 41441 | Depths:1 | Found a gateway to Hell.
 41488 | Depths:1 | Found a one-way gate leading to the halls of Pandemonium.
 41924 | Depths:1 | Found a shimmering blue altar of Sif Muna.
 42290 | Depths:2 | Received a gift from Okawaru
 42547 | Depths:2 | Received a gift from Okawaru
 42558 | Depths:2 | Reached skill level 15 in Armour
 42631 | Depths:2 | Received a gift from Okawaru
 42864 | Depths:2 | Identified the +2 trident of Courage {freeze, Dex+3 Stlth+}
                  | (Okawaru gifted it to you on level 2 of the Depths)
 42864 | Depths:2 | Received a gift from Okawaru
 43671 | Depths:2 | Reached XP level 21. HP: 110/200 MP: 16/28
 43672 | Depths:2 | Found an ancient bone altar of Kikubaaqudgha.
 43937 | Depths:3 | Reached skill level 10 in Translocations
 43973 | Depths:3 | Reached skill level 15 in Throwing
 43977 | Depths:3 | Noticed a golden dragon
 43989 | Depths:3 | Killed a golden dragon
 43992 | Depths:3 | Received a gift from Okawaru
 44152 | Depths:3 | Received a gift from Okawaru
 44279 | Depths:3 | Found a one-way gate to the infinite horrors of the Abyss.
 44507 | Depths:3 | Reached skill level 10 in Polearms
 44534 | Depths:3 | Reached skill level 20 in Fighting
 44623 | Depths:3 | Received a gift from Okawaru
 44964 | Depths:4 | Entered Level 4 of the Depths
 45423 | Depths:4 | Identified the -2 pair of boots of Qadghod {rElec rC-
                  | Will+} (Okawaru gifted it to you on level 4 of the Depths)
 45423 | Depths:4 | Received a gift from Okawaru
 45495 | Depths:4 | Found a hide-covered altar of Uskayaw.
 45522 | Depths:4 | Found a gate to the Realm of Zot.
 46064 | Depths:4 | Reached XP level 22. HP: 211/211 MP: 21/30
 46438 | Vaults:1 | Entered Level 1 of the Vaults
 46506 | Vaults:1 | Identified the +1 ring mail of Servitude {Int+3}
 46556 | Vaults:1 | Found a crumbling gateway.
 46566 | Desolati | Entered the Desolation of Salt
 46649 | Desolati | Identified the +5 long sword of the Ancient Friars {holy,
                  | Dex+3}
 46945 | Desolati | Got Sif Muna's Incunabulum of Shifting Cold
 46946 | Desolati | Identified the ring "Feal" {Fire rPois Slay+2}
 47049 | Desolati | Identified the ring of Lies {Drain Fly rPois rCorr Str+10}
 47053 | Desolati | Identified the amulet "Fozyx" {Faith Fragile Int+6}
 47055 | Desolati | Got the Tome of the Dusty Glacier
 47111 | Desolati | Learned a level 2 spell: Blink
 47267 | Desolati | Identified the +8 arbalest of Ignis's Benevolence {venom,
                  | rN+}
 47342 | Vaults:1 | Identified the +0 pair of boots of the Stone Wall {Dex+3
                  | Stlth+} (Okawaru gifted it to you on level 1 of the Vaults)
 47342 | Vaults:1 | Received a gift from Okawaru
 47852 | Vaults:1 | Reached skill level 1 in Spellcasting
 47914 | Vaults:1 | Reached skill level 21 in Fighting
 49061 | Vaults:2 | Found Vebon's Weapon Emporium.
 49390 | Vaults:2 | Received a gift from Okawaru
 49444 | Vaults:2 | Noticed Saint Roka
 49463 | Vaults:2 | Killed Saint Roka
 49571 | Vaults:2 | Found Eluosysi's Magic Scroll Emporium.
 49593 | Vaults:2 | Reached XP level 23. HP: 221/221 MP: 23/32
 49635 | Vaults:2 | Bought a scroll of teleportation for 42 gold pieces
 49635 | Vaults:2 | Bought a scroll of teleportation for 42 gold pieces
 49635 | Vaults:2 | Bought a scroll of teleportation for 42 gold pieces
 49706 | Vaults:2 | Found a staircase to the Crypt.
 50118 | Vaults:3 | Noticed Mennas
 50139 | Vaults:3 | Received a gift from Okawaru
 50178 | Vaults:3 | Killed Mennas
 50189 | Vaults:3 | Reached skill level 22 in Fighting
 50684 | Vaults:3 | Found Cuucapn's Book Shoppe.
 51331 | Vaults:4 | Reached skill level 5 in Spellcasting
 52343 | Vaults:5 | Entered Level 5 of the Vaults
 52353 | Vaults:5 | Received a gift from Okawaru
 52398 | Vaults:5 | Reached skill level 15 in Invocations
 52398 | Vaults:5 | Reached XP level 24. HP: 117/228 MP: 24/33
 52548 | Vaults:5 | Identified the ring "Deuf" {Dex+2 SInv}
 52551 | Vaults:5 | Received a gift from Okawaru
 52572 | Arena    | Entered the Arena
 52578 | Arena    | Received a gift from Okawaru
 52579 | Arena    | Reached skill level 23 in Fighting
 52744 | Vaults:5 | Received a gift from Okawaru
 53234 | Vaults:5 | Identified the +1 chain mail of the Watermelon {-Tele rElec
                  | Str-2 Stlth+} (Okawaru gifted it to you on level 5 of the
                  | Vaults)
 53234 | Vaults:5 | Received a gift from Okawaru
 53268 | Vaults:5 | Got a silver rune of Zot
 53274 | Vaults:5 | Identified the ring "Unautzun" {Ice *Slow rPois rCorr}
 53505 | Vaults:5 | Noticed a dread lich
 53518 | Vaults:5 | Killed a dread lich
 54206 | Crypt:1  | Entered Level 1 of the Crypt
 54305 | Arena    | Entered the Arena
 54542 | D:13     | Killed Nialiw's ghost
 54615 | D:13     | Upgraded the game from 0.29-a0-723-gce39da1c22 to
                  | 0.29-a0-730-g5686a2c4f1
 54620 | D:13     | Learned a level 4 spell: Passage of Golubria
 54623 | D:13     | Learned a level 2 spell: Passwall
 54810 | Zot:1    | Entered Level 1 of the Realm of Zot
 54816 | Zot:1    | Reached skill level 1 in Long Blades
 55013 | Zot:1    | Reached skill level 24 in Fighting
 55019 | Zot:1    | Reached skill level 5 in Long Blades
 55048 | Zot:1    | Reached XP level 25. HP: 237/245 MP: 25/34
 55397 | Zot:1    | Identified the +11 trident of Ibbeb {vorpal, rN+ SInv}
                  | (Okawaru gifted it to you on level 1 of the Realm of Zot)
 55397 | Zot:1    | Received a gift from Okawaru
 55675 | Zot:1    | Learned a level 9 spell: Shatter
 55729 | Zot:2    | Noticed an orb of fire
 55749 | Zot:2    | Reached skill level 1 in Transmutations
 55823 | Zot:2    | Reached skill level 1 in Earth Magic
 55847 | Zot:2    | Reached skill level 1 in Necromancy
 56382 | Zot:2    | Noticed a Killer Klown
 56392 | Zot:2    | Killed a Killer Klown
 56405 | Zot:2    | Noticed a Killer Klown
 56411 | Zot:2    | Noticed a Killer Klown
 56418 | Zot:2    | Gained mutation: You are occasionally teleported next to
                  | monsters. [an orb of fire]
 56424 | Zot:2    | Killed an orb of fire
 56424 | Zot:2    | Received a gift from Okawaru
 56426 | Zot:2    | Killed a Killer Klown
 56428 | Zot:2    | Noticed an ancient lich
 56435 | Zot:2    | Killed a Killer Klown
 56436 | Zot:2    | Noticed a Killer Klown
 56441 | Zot:2    | Killed a Killer Klown
 56455 | Zot:2    | Killed an ancient lich
 56496 | Zot:2    | Identified the +1 hat of Supple Strength {rPois rC+ Regen+}
                  | (Okawaru gifted it to you on level 2 of the Realm of Zot)
 56496 | Zot:2    | Received a gift from Okawaru
 56867 | Arena    | Entered the Arena
 56876 | Arena    | Reached skill level 10 in Long Blades
 57008 | Zot:3    | Noticed a Killer Klown
 57015 | Zot:3    | Killed a Killer Klown
 57035 | Zot:3    | Noticed an orb of fire
 57049 | Zot:3    | Gained mutation: Your spells are a little easier to cast,
                  | but a little less powerful. [an orb of fire]
 57060 | Zot:3    | Killed an orb of fire
 57085 | Zot:3    | Lost mutation: You are occasionally teleported next to
                  | monsters. [potion of mutation]
 57085 | Zot:3    | Lost mutation: Your spells are a little easier to cast, but
                  | a little less powerful. [potion of mutation]
 57085 | Zot:3    | Gained mutation: Your flesh is heat resistant. (rF+)
                  | [potion of mutation]
 57085 | Zot:3    | Gained mutation: Your mind is acute. (Int +4, Str/Dex -1)
                  | [potion of mutation]
 57085 | Zot:3    | Gained mutation: You possess an exceptional clarity of
                  | mind. [potion of mutation]
 57784 | Zot:4    | Reached XP level 26. HP: 244/256 MP: 25/35
 58006 | Zot:4    | Noticed Vv
 58041 | Zot:4    | Killed Vv
 58452 | Zot:5    | Entered Level 5 of the Realm of Zot
 58461 | Zot:5    | Noticed an ancient lich
 58622 | Zot:5    | Killed an ancient lich
 58622 | Zot:5    | Received a gift from Okawaru
 59061 | Depths:1 | Killed Kekav's ghost
 59072 | Depths:1 | Identified the +4 ring mail "Zudokutu" {Int+5} (Okawaru
                  | gifted it to you on level 1 of the Depths)
 59072 | Depths:1 | Received a gift from Okawaru
 59542 | Slime:1  | Entered Level 1 of the Pits of Slime
 59673 | Slime:4  | Reached skill level 25 in Fighting
 59746 | Slime:5  | Entered Level 5 of the Pits of Slime
 59756 | Slime:5  | Reached skill level 5 in Transmutations
 59829 | Slime:5  | Reached skill level 5 in Earth Magic
 59834 | Slime:5  | Gained mutation: Your magical capacity is low. (-10% MP) [a
                  | shining eye]
 59878 | Slime:5  | Lost mutation: You possess an exceptional clarity of mind.
                  | [a shining eye]
 59887 | Slime:5  | Found the +13 scythe of Curses {drain, Drain}
 59889 | Slime:5  | Found a viscous altar of Jiyva.
 59891 | Slime:5  | Noticed the Royal Jelly
 59902 | Slime:5  | Found the +6 arbalest "Damnation" {damnation}
 59910 | Slime:5  | Killed the Royal Jelly
 59975 | Slime:5  | Identified the +2 robe "Orhawack" {rC+}
 60010 | Slime:5  | Learned a level 8 spell: Necromutation
 60037 | Slime:5  | Got a slimy rune of Zot
 60066 | Slime:5  | Identified the +1 scale mail of Soupni {+Blink rCorr Str-3
                  | Int-3}
 60101 | Slime:5  | Got the Incunabulum of Spatial Beguiling
 60109 | Slime:5  | Identified the +8 falchion of Gobiyrgh {vorpal, *Noise
                  | rCorr Str+7 Int+3}
 60113 | Slime:5  | Identified the +2 short sword of Peace {flame, rN+ Dex+3}
 60777 | Crypt:1  | Noticed Jory
 60791 | Crypt:1  | Killed Jory
 61122 | Crypt:1  | Reached skill level 5 in Necromancy
 61312 | Crypt:2  | Acquired the +1 cloak of Starlight {*Dazzle EV+4 Stlth--}
 61312 | Crypt:2  | Found the +1 cloak of Starlight {*Dazzle EV+4 Stlth--}
 62017 | Crypt:3  | Entered Level 3 of the Crypt
 62294 | Crypt:3  | Received a gift from Okawaru
 62751 | Crypt:3  | Received a gift from Okawaru
 62888 | Crypt:3  | Found a staircase to the Tomb.
 63058 | Crypt:3  | Noticed an ancient lich
 63072 | Crypt:3  | Killed an ancient lich
 63073 | Crypt:3  | Reached XP level 27. HP: 266/266 MP: 22/32
 63120 | Crypt:3  | Identified the ring "Gaepn" {rPois rF- rN+ Dex-3 SInv}
 63120 | Crypt:3  | Identified the ring "Humyobui" {*Corrode rN+ Will++ Stlth+}
 63396 | Hell     | Entered the Vestibule of Hell
 63398 | Hell     | Noticed Geryon
 63420 | Hell     | Reached skill level 10 in Spellcasting
 63451 | Hell     | Received a gift from Okawaru
 63507 | Hell     | Killed Geryon
 63589 | Hell     | Noticed a dread lich
 63637 | Hell     | Killed a dread lich
 63740 | Hell     | Found a gateway to the decaying netherworld of Tartarus.
 63774 | Hell     | Paralysed by a wendigo for 1 turns
 63784 | Hell     | Found a gateway to the freezing wastes of Cocytus.
 63852 | Hell     | Found a gateway to the Iron City of Dis.
 63938 | Hell     | Found a gateway to the ashen valley of Gehenna.
 64123 | Zig:1    | Entered Level 1 of a ziggurat
 64145 | Zig:2    | Entered Level 2 of a ziggurat
 64226 | Zig:3    | Entered Level 3 of a ziggurat
 64229 | Zig:3    | Noticed a juggernaut
 64248 | Zig:3    | Killed a juggernaut
 64258 | Zig:3    | Identified the ring "Iviolumn" {rElec rF+ Will++ Int+3
                  | SInv}
 64272 | Zig:4    | Entered Level 4 of a ziggurat
 64275 | Zig:4    | Noticed Gaoshru the pandemonium lord
 64289 | Zig:4    | Killed Gaoshru the pandemonium lord
 64301 | Zig:4    | Identified the +9 hand axe of Dishonesty {freeze, rPois
                  | Str+3 Int+4}
 64318 | Zig:5    | Entered Level 5 of a ziggurat
 64390 | Zig:6    | Entered Level 6 of a ziggurat
 64417 | Zig:6    | Noticed an ancient lich
 64420 | Zig:6    | Killed an ancient lich
 64490 | Zig:7    | Entered Level 7 of a ziggurat
 64573 | Zig:7    | Found the +5 scythe "Finisher" {speed, eviscerate}
 64609 | Zig:8    | Entered Level 8 of a ziggurat
 64673 | Zig:8    | Identified the amulet of Vounaygg {Reflect rCorr SH+5
                  | Stlth+}
 64689 | Zig:9    | Entered Level 9 of a ziggurat
 64701 | Zig:9    | Paralysed by an air elemental for 1 turns
 64745 | Zig:9    | Got A Primer on Magic
 64748 | Zig:9    | Got Juil's Compendium of Ice
 64767 | Zig:10   | Entered Level 10 of a ziggurat
 64773 | Zig:10   | Noticed an ancient lich
 64780 | Zig:10   | Received a gift from Okawaru
 64790 | Zig:10   | Killed an ancient lich
 64854 | Zig:10   | Got Reisoos's Papyrus of the Arsonist and Unholy Rituals
 64865 | Zig:11   | Entered Level 11 of a ziggurat
 64888 | Zig:11   | Received a gift from Okawaru
 64972 | Zig:11   | Identified the ring "Iweseck" {rPois Str+6}
 64973 | Zig:11   | Identified the ring "Sellefih" {rF+ MP+9}
 64979 | Zig:11   | Identified the +7 trident of Bowkudagh {protect, rF++ rC+}
 65111 | Zig:11   | Identified the +9 great sword "Wohohiurch" {flame, +Blink}
 65164 | Zig:12   | Entered Level 12 of a ziggurat
 65192 | Zig:12   | Gained mutation: You are clumsy. (Dex -2) [a neqoxec]
 65211 | Zig:12   | Noticed an ancient lich
 65225 | Zig:12   | Reached skill level 10 in Transmutations
 65227 | Zig:12   | Killed an ancient lich
 65227 | Zig:12   | Received a gift from Okawaru
 65228 | Zig:12   | Reached skill level 10 in Necromancy
 65229 | Zig:12   | Gained mutation: You are frail. (-10% HP) [a neqoxec]
 65233 | Zig:12   | Lost mutation: Your flesh is heat resistant. (rF+) [potion
                  | of mutation]
 65233 | Zig:12   | Lost mutation: Your mind is acute. (Int +4, Str/Dex -1)
                  | [potion of mutation]
 65233 | Zig:12   | Gained mutation: Your flesh is heat resistant. (rF+)
                  | [potion of mutation]
 65233 | Zig:12   | Gained mutation: Your body sometimes deteriorates upon
                  | taking damage. [potion of mutation]
 65233 | Zig:12   | Lost mutation: You are frail. (-10% HP) [potion of
                  | mutation]
 65415 | Zig:13   | Entered Level 13 of a ziggurat
 65443 | Zig:13   | Received a gift from Okawaru
 65447 | Arena    | Entered the Arena
 65599 | Zig:13   | Identified the ring of Pucsapp {rN+ AC+4}
 65610 | Zig:13   | Learned a level 6 spell: Statue Form
 65611 | Zig:14   | Entered Level 14 of a ziggurat
 65625 | Zig:14   | Received a gift from Okawaru
 65664 | Zig:14   | Paralysed by a wendigo for 1 turns
 65706 | Zig:14   | Identified the +0 flail of Solemn Defence {venom, rF+ rN+}
 65778 | Zig:15   | Entered Level 15 of a ziggurat
 65825 | Zig:15   | HP: 11/266 [acid (4)]
 65825 | Zig:15   | HP: 5/266 [seven-headed hydra (4)]
 65825 | Zig:15   | Slain by a seven-headed hydra

Illustrated notes

Levels and vault maps discovered:
D:1:      lightli_arrival_boilingwater, layout_loops_ring,
          basic_ecumenical_altar
D:2:      minmay_recursive_quarters, layout_loops_ring, serial_shops,
          shop_statue, basic_altar, minivault_19, kennysheep_decorative_pillar,
          kennysheep_flooded_box, uniq_crazy_yiuf_cottage
D:3:      layout_rooms, marbit_many_paths, mainiacjoe_overflow_24_doors,
          minmay_liquid_box
D:4:      layout_rooms, kennysheep_little_box, kennysheep_generic_room_3
D:5:      layout_gridville, grunt_decor_one_mirror
D:6:      layout_basic, old_standard_altar, grunt_decor_clamped,
          nicolae_concentric_dashed_squares_mild, grunt_decor_cap,
          chequers_serial_rivers_micro_e
D:7:      layout_basic, gammafunk_temple_overflow_forgotten,
          minmay_temple_entry_mist, serial_rivers,
          chequers_serial_rivers_micro_d, chequers_serial_rivers_room_a,
          chequers_serial_rivers_micro_e, chequers_serial_rivers_marsh,
          chequers_serial_rivers_marsh, chequers_serial_rivers_marsh,
          serial_shops, shop, minmay_ruined_shrine, uniq_pikel
D:8:      layout_loops_ring, nicolae_yredelemnul_corpse_copse, okawaru_trees_2
D:9:      layout_roguey, dpeg_oklobed_lair, special_room [special_room_orc]
D:10:     layout_roguey, serial_shops, shop, chequers_serial_rivers_large_a,
          minmay_misc_feat_rows, ldierk_geyser, uniq_sonja, uniq_amaemon,
          uniq_grum
D:11:     layout_long_grid, nicolae_ashenzari_skybound
D:12:     thingy_vault, layout_cave_pools,
          kennysheep_orc_monster_closet_entryway
D:13:     layout_gridville, gammafunk_ghost_mausoleum
D:14:     cheibrodos_orc_bank, layout_cave_pods, erik_vaults_2,
          kennysheep_path_1
D:15:     grunt_enter_depths_giant_problem, layout_rooms,
          nicolae_qazlal_general_emergency, minmay_hidden_floor
Temple:   dshaligram_water_room_temple
Lair:1:   layout_cave_shapes, grunt_megastairs_1
Lair:2:   layout_regular_city, minmay_swamp_entry_worms,
          minmay_snake_entry_six_corridors, serial_rivers,
          chequers_serial_rivers_micro_b, chequers_serial_rivers_large_b,
          chequers_serial_rivers_small_b, chequers_serial_rivers_small_3,
          chequers_serial_rivers_micro_e, nicolae_lair_run_with_the_wolves,
          uniq_urug
Lair:3:   layout_hall_layers
Lair:4:   layout_cave_pods, grunt_megastairs_4, infiniplex_staircase_pool_2
Lair:5:   layout_cave_shapes, dpeg_slime_entry_corner, pond, uniq_nessos
Lair:6:   due_jungle_book, layout_hall_layers, grunt_megastairs_5,
          lemuel_fruit_tree, serial_bayou_shore_a
Swamp:1:  gammafunk_mikee_crab_dinner, layout_basic_swamp,
          evilmike_swamp_ruin_rubble_1, uniq_roxanne, uniq_donald
Swamp:2:  layout_basic_swamp, evilmike_swamp_ruin_house_6, uniq_aizul,
          uniq_nikola
Swamp:3:  layout_falls_marsh, evilmike_swamp_ruin_house_5
Swamp:4:  grunt_swamp_rune_castle, layout_basic_swamp, swamp_pool4,
          infiniplex_staircase_pool
Snake:1:  layout_grid_maze, nicolae_shop_firing_range
Snake:2:  layout_cave_pods
Snake:3:  layout_onion_interference, uniq_kirke
Snake:4:  snake_pit, layout_misc_corridors, serial_shops, shop, uniq_mlioglotl
Slime:1:  layout_caves
Slime:2:  layout_caves
Slime:3:  layout_caves
Slime:4:  layout_caves, basic_altar
Slime:5
Orc:1:    layout_diamond_mine, serial_shops, shop, shop, nicolae_shop_waterfront
Orc:2:    hellmonk_orc_salted, layout_diamond_mine, ebering_ghost_xom,
          uniq_azrael
Elf:1:    nicolae_elf_arrival_fired_up, layout_geoelf_octagon,
          nicolae_trove_entry_crystal, basic_altar, minmay_elf_demonology,
          minmay_shoptagon, uniq_asterion
Elf:2:    nicolae_elf_blades_splatter_lattice
          [nicolae_blade_entry_hurt_lockers], layout_onion_city,
          hellmonk_bongcloud_opening, guppyfry_elf_lava
Elf:3:    minmay_elf_hall_golems, layout_loops_corners, palyth_stone_intersect,
          st_stairs_6
Vaults:1: portal_desolation_entry_garden, ontoclasm_vaults_ligature,
          nicolae_vaults_little_squares_3, nicolae_vaults_alarming,
          nicolae_vaults_display_case, v_alt_pattern_1, vaults_dpeg_hooks,
          vaults_room_semicircle, hangedman_vaults_stretched_pinwheel,
          dpeg_vaults_monster_box, layout_vaults_omnigrid
Vaults:2: vaults_room_fours, hangedman_vaults_maws, hangedman_vaults_variations,
          nicolae_vaults_little_squares_2, minmay_crypt_entry_simple_statues,
          ontoclasm_vaults_bender, nicolae_vaults_network_star,
          vaults_dpeg_diagonal, ontoclasm_vaults_twist,
          nicolae_vaults_network_barrier, nicolae_vaults_shelves_hall,
          hangedman_vaults_corner_blocks, layout_vaults_maze_bifur,
          serial_shops, nicolae_diamond_shop, nicolae_shop_trees,
          uniq_saint_roka
Vaults:3: v_pattern_2, nicolae_vaults_arrows, nicolae_vaults_octagons,
          vaults_mumra_minichess, nicolae_vaults_three_branches,
          ontoclasm_vaults_chip, v_misc_28, v_misc_13,
          nicolae_vaults_little_squares_1, ontoclasm_vaults_fault,
          vaults_room_pools, nicolae_vaults_little_squares_3,
          ontoclasm_vaults_loading_screen, layout_vaults_omnicross,
          serial_shops, nicolae_shop_behind_doors, uniq_mennas
Vaults:4: hangedman_vaults_locks, hangedman_vaults_stream,
          hangedman_vaults_pinch, v_alt_pattern_1, grunt_vaults_twisty,
          v_alt_pattern_3, hangedman_vaults_capsules, vaults_mumra_hexcomb,
          nicolae_vaults_little_squares_4, vaults_dpeg_cross,
          special_room_vaults [special_room_orc], serial_ice_g,
          ontoclasm_vaults_decontamination, grunt_vaults_hallway_long,
          layout_vaults_omnibox
Vaults:5
Crypt:1:  layout_rooms, grunt_megastairs_2, uniq_jory
Crypt:2:  layout_regular_city
Crypt:3:  david_glass_crypt, layout_chaotic_city, tomb_entry_shell_bobbens,
          minivault_26
Depths:1: layout_basic, enter_ziggurat_f, grunt_pan_entry_zigzag,
          interstate_on_off, gammafunk_ghost_split, hell_entry,
          nicolae_sif_muna_little_library, infiniplex_staircase_pool_lava,
          uniq_mara
Depths:2: nicolae_cairo_tiling_large, layout_gridlike, grunt_hell_entry_dis_old,
          rand_demon_pan_entry_8, minmay_misc_feat_encased,
          corexii_leaking_fountain, kennysheep_vampire_church,
          minmay_staircase_statues_hall_small
Depths:3: hangedman_crystal_crosses_colossus [crystal_crosses_arms_four,
          crystal_crosses_arms_two, crystal_crosses_arms_one,
          crystal_crosses_arms_one], abyss_entry, hell_entry
Depths:4: grunt_zot_entry_alcove, layout_gridlike, pf_dread_powers_of_hell,
          abyss_entry_small_statue_room, nicolae_uskayaw_en_pointe, drop_trap
Hell
Zot:1:    layout_gridlike, st_stairs_5, grunt_ministairs_10
Zot:2:    ebering_klown_carousel, layout_onion, grunt_ministairs_4,
          skrybe_zot_glass_2
Zot:3:    layout_misc_corridors, bh_zot_ikea_curve
Zot:4:    layout_twisted_circle, hangedman_zot_decor_checkerboard, uniq_vv
Zot:5:    layout_onion, grunt_ministairs_2, hangedman_zot_decor_scrapings,
          uniq_tiamat
Zig:15:   ziggurat_pillar_abc, ziggurat_pillar_abc, ziggurat_pillar_abc,
          ziggurat_pillar_abc

Skill      XL: |  1  2  3  4  5  6  7  8  9 10 11 12 13 14 15 16 17 18 19 20 21 22 23 24 25 26 27 |
---------------+----------------------------------------------------------------------------------+-----
Short Blades   | 1 2 4 5 6 7 8 10 11 12 13 | 13.1
Armour         | 2 3 4 6 7 8 10 11 12 14 15 16 17 18 | 18.0
Fighting       | 3 5 7 9 10 11 12 13 14 15 17 18 19 20 21 22 24 25 | 25.5
Shields        | 3 6 8 9 10 11 12 13 15 16 17 18 20 21 22 23 | 23.4
Stealth        | 3 4 5 6 7 8 |  8.0
Invocations    | 3 4 5 7 8 9 10 12 13 15 16 | 16.2
Evocations     | 3 4 5 6 7 8 9 10 | 10.0
Dodging        | 4 5 7 8 9 10 11 12 13 14 | 14.2
Throwing       | 2 4 5 6 7 9 10 12 13 14 15 16 | 16.8
Translocations | 5 8 9 10 11 | 11.0
Polearms       | 2 6 9 11 12 | 12.0
Spellcasting   | 3 5 7 9 10 | 10.4
Long Blades    | 5 11 14 | 14.3
Transmutations | 4 6 11 | 11.4
Earth Magic    | 4 5 |  5.3
Necromancy     | 3 5 11 | 11.1
Ranged Weapons | |  4.3

Action                   |  1- 3 |  4- 6 |  7- 9 | 10-12 | 13-15 | 16-18 | 19-21 | 22-24 | 25-27 || total
-------------------------+-------+-------+-------+-------+-------+-------+-------+-------+-------++-------
Melee: Dagger            |   125 |    80 |       |       |       |       |       |       |       ||   205
       Unarmed           |     8 |       |       |       |       |       |       |       |       ||     8
       Headbutt          |    25 |    25 |    50 |   114 |   415 |   391 |   674 |   682 |   686 ||  3062
       Club              |     1 |       |       |       |       |       |       |       |       ||     1
       Punch             |     1 |       |     3 |       |       |       |       |       |       ||     4
       Rapier            |       |    73 |   203 |   436 |   271 |       |       |       |       ||   983
       Quick blade       |       |       |       |       |   987 |  1298 |   915 |       |       ||  3200
       Lance             |       |       |       |       |       |       |   923 |  1984 |  2092 ||  4999
 Fire: Shortbow          |     1 |       |       |       |       |       |       |       |       ||     1
Throw: Javelin           |       |       |       |     7 |    40 |    65 |    15 |     4 |   164 ||   295
       Dart              |       |       |       |       |     3 |    11 |       |       |       ||    14
 Cast: Blink             |       |       |       |       |       |       |       |     1 |    10 ||    11
       Apportation       |       |       |       |       |       |       |       |       |    50 ||    50
Invok: Heroism           |       |       |       |     8 |    34 |    28 |    21 |    16 |    29 ||   136
       Duel              |       |       |       |       |     1 |     2 |     2 |     2 |     2 ||     9
       Finesse           |       |       |       |       |       |     1 |     2 |     4 |     4 ||    11
Evoke: Wand              |       |       |       |     1 |     5 |     6 |       |       |     2 ||    14
       Condenser vane    |       |       |       |       |       |       |     1 |     3 |     2 ||     6
       Tin of tremorston |       |       |       |       |       |       |       |     4 |     7 ||    11
  Use: Scroll            |     4 |     5 |    11 |     8 |    12 |     4 |     2 |     7 |     7 ||    60
       Potion            |       |     3 |       |     1 |    11 |     3 |     3 |       |     5 ||    26
 Stab: Distracted        |       |       |     3 |     6 |    10 |       |       |     1 |     1 ||    21
       Sleeping          |       |       |     2 |     3 |     1 |     1 |       |       |     3 ||    10
       Confused          |       |       |       |       |       |     2 |       |       |     1 ||     3
       Invisible         |       |       |       |       |       |       |       |       |     4 ||     4
Armor: Leather armour    |    31 |     1 |     7 |    16 |       |       |       |       |       ||    55
       Scale mail        |       |    61 |    41 |       |       |       |       |       |       ||   102
       Skin              |       |     7 |       |       |     1 |       |       |       |       ||     8
       Chain mail        |       |       |       |    47 |   205 |    68 |       |       |       ||   320
       Gold dragon scale |       |       |       |       |       |   293 |   595 |   399 |   225 ||  1512
       Robe              |       |       |       |       |       |       |       |       |   133 ||   133
Dodge: Dodged            |   100 |    78 |    82 |   153 |   401 |   239 |   367 |   313 |   478 ||  2211
Block: Buckler           |       |       |    55 |   155 |   208 |       |       |       |       ||   418
       Kite shield       |       |       |       |       |   175 |   454 |   566 |       |       ||  1195
       Reflection        |       |       |       |       |       |    14 |    53 |       |       ||    67
       Tower shield      |       |       |       |       |       |       |   518 |  1613 |  1678 ||  3809

Table legend: (Time is in decaauts)
 A = Elapsed time spent in this place.
 B = Non-inter-level travel time spent in this place.
 C = Inter-level travel time spent in this place.
 D = Time resting spent in this place.
 E = Time spent auto-exploring this place.
 F = Levels seen in this place.
 G = Mean time per level.
                   A        B        C        D        E       F      G
               +--------+--------+--------+--------+--------+-----+--------+
         Total |  61400 |  55724 |   5676 |   3159 |  40427 |  83 |  739.8 |
       Dungeon |  18441 |  16168 |   2273 |   1500 |  12313 |  15 | 1229.4 |
        Temple |     90 |     69 |     21 |      0 |     60 |   1 |   90.0 |
          Lair |   9485 |   8648 |    837 |    584 |   7089 |   6 | 1580.8 |
         Swamp |   2772 |   2622 |    150 |      0 |   1948 |   4 |  693.0 |
     Snake Pit |   3241 |   3067 |    174 |     88 |   2308 |   4 |  810.2 |
    Slime Pits |    518 |    452 |     66 |     45 |      2 |   5 |  103.6 |
  Orcish Mines |   2106 |   1697 |    409 |      0 |   1280 |   2 | 1053.0 |
   Elven Halls |   3807 |   3539 |    268 |    220 |   2447 |   3 | 1269.0 |
        Vaults |   6666 |   6154 |    512 |    162 |   4358 |   5 | 1333.2 |
         Crypt |   2442 |   2318 |    124 |      0 |   1761 |   3 |  814.0 |
        Depths |   5292 |   4747 |    545 |     11 |   3463 |   4 | 1323.0 |
          Hell |    557 |    539 |     18 |     42 |    262 |   1 |  557.0 |
           Zot |   3722 |   3449 |    273 |     84 |   2514 |   5 |  744.4 |
      Ziggurat |   1447 |   1447 |      0 |    317 |    263 |  15 |   96.5 |
    Desolation |    629 |    629 |      0 |      0 |    358 |   1 |  629.0 |
         Arena |    177 |    177 |      0 |    102 |      0 |   9 |   19.7 |
               +--------+--------+--------+--------+--------+-----+--------+

Top non-repeatable levels by time:
  Lair:5: 2591 daAuts
   Elf:3: 2113 daAuts
  Lair:2: 2035 daAuts
     D:2: 1905 daAuts
  Lair:6: 1804 daAuts
    D:12: 1767 daAuts
     D:6: 1740 daAuts
     D:1: 1676 daAuts
    D:14: 1590 daAuts
Depths:2: 1530 daAuts
   Orc:2: 1516 daAuts
Vaults:2: 1488 daAuts
Depths:1: 1416 daAuts
Vaults:3: 1346 daAuts
Vaults:4: 1345 daAuts
